[Event "Early-Titled-Tuesday-Blitz-October-17-2023"]
[Site "Chess.com"]
[Date "2023.10.17"]
[Round "10"]
[White "Treasurechess777"]
[Black "Khuslen2008"]
[Result "0-1"]
[WhiteElo "2436"]
[BlackElo "2310"]
[TimeControl "180+1"]
[EndTime "9:59:56 PDT"]
[Termination "Khuslen2008 won on time"]

1. Nf3 Nf6 2. b3 g6 3. Bb2 Bg7 4. c4 O-O 5. d3 d6 6. Nbd2 e5 7. Qc2 Nbd7 8. e3 Qe7 9. Be2 Kh8 10.
O-O Ng8 11. Ne4 a5 12. Nc3 c6 13. d4 f5 14. dxe5 dxe5 15. e4 f4 16. a3 g5 17.
Nd2 Ndf6 18. b4 g4 19. f3 g3 20. h3 Nh6 21. c5 Nf7 22. Rfd1 Ng5 23. Bf1 Qf7 24. Nc4 Qh5 25. Nxe5 Nxh3+ 26. gxh3 Qxe5 27. Nd5 Qg5 28. h4 Qxh4 29. Nb6 Rb8 30. Be5 Be6 31. Bxb8 Rxb8 32. Rd6 Bf7 33. Rad1 Nh5 34. Rd7 Be6 35. R7d6 Bf7 36. bxa5 Rg8 37. Qg2 Be5 38. Rd7 Bb3 39. R1d2 Nf6 40. Rxb7 Bc3 41. Rdd7 Be6 42. Rd6 Nxe4 43.
Nd7 Nxd6 44. cxd6 Bd4+ 0-1

[Event "Early-Titled-Tuesday-Blitz-October-17-2023"]
[Site "Chess.com"]
[Date "2023.10.17"]
[Round "10"]
[White "Aleksandar-Topalov"]
[Black "GMJustin"]
[Result "0-1"]
[WhiteElo "2327"]
[BlackElo "2197"]
[TimeControl "180+1"]
[EndTime "9:59:56 PDT"]
[Termination "GMJustin won by resignation"]

1. b3 Nh6 2. Bb2 f6 3. Nf3 Nf7 4. e4 e6 5. d4 d5 6. Nbd2 Be7 7. Bd3 O-O 8. O-O a5 9. a3 a4 10. b4 b6 11. c4 dxc4 12. Bxc4 c5 13. dxc5 bxc5 14.
b5 Nd6 15. e5 Nxc4 16. Nxc4 Qxd1 17. Raxd1 Nd7 18. exf6 Nxf6 19. Nfe5 Bb7 20. Nd7 Rfd8 21. Ndb6 Ra7 22. Rxd8+ Bxd8 23. Rd1 Nd5 24. Nd7 Be7 25. Nde5 Bc8 26. Nc6 Rb7 27. b6 Rd7 28. N6a5 Nxb6 29. Rxd7 Nxd7 30. Nc6 Bf8 31. Bc3 Ba6 32. N4e5 Bb5 33.
Na7 Nxe5 34. Nxb5 Nc4 35. Kf1 e5 36. Ke2 Kf7 37. Kd3 Nd6 38. f3 Nxb5 39. Bxe5 Nxa3 40. Bb2 c4+ 41. Kc3 Be7 42. Bxa3 Bxa3 43. Kxc4 Bd6 44. Kb5 a3 0-1

[Event "Early-Titled-Tuesday-Blitz-October-17-2023"]
[Site "Chess.com"]
[Date "2023.10.17"]
[Round "10"]
[White "Yeremyan_ChessMate"]
[Black "Zhigalko_Sergei"]
[Result "1/2-1/2"]
[WhiteElo "2756"]
[BlackElo "2944"]
[TimeControl "180+1"]
[EndTime "9:59:57 PDT"]
[Termination "Game drawn by repetition"]

1. c4 e5 2. g3 Nf6 3. Nc3 c6 4. d4 exd4 5. Qxd4 Na6 6. Bg2 Bc5 7. Qd1 O-O 8. Nf3 Re8 9. O-O Bf8 10. a3 Nc7 11. b4 d5 12. cxd5 Ncxd5 13. Nxd5 Nxd5 14.
Bb2 Bf5 15. Ne5 Qf6 16. e4 Rxe5 17. exf5 Qxf5 18. Bxe5 Qxe5 19. Bxd5 cxd5 20. Qd3 Rd8 21. Rfe1 Qf6 22. Rac1 b6 23. Rc7 a5 24. bxa5 bxa5 25. Rec1 Qe6 26. R1c6 Qg4 27. Kg2 d4 28. h3 Qh5 29. Rc8 Rxc8 30. Rxc8 Qd5+ 31. Kg1 Qd7 32. Rc4 Qxh3 33. Rxd4 h5 34. Rd8 Qe6 35.
a4 h4 36. Qe3 Qc4 37. Qe7 Qc1+ 38. Kh2 hxg3+ 39. Kg2 Qc6+ 40. Kxg3 Qg6+ 41. Kf3 Qh5+ 42. Kg3 Qg6+ 43. Kf3 Qh5+ 44. Ke3 Qh6+ 45. Ke2 Qh5+ 46. Ke3 Qh6+ 47. Kf3 Qh5+ 1/2-1/2

[Event "Early-Titled-Tuesday-Blitz-October-17-2023"]
[Site "Chess.com"]
[Date "2023.10.17"]
[Round "10"]
[White "maracayo"]
[Black "Aash20"]
[Result "0-1"]
[WhiteElo "2371"]
[BlackElo "2535"]
[TimeControl "180+1"]
[EndTime "9:59:57 PDT"]
[Termination "Aash20 won on time"]

1. e4 c5 2. Nf3 d6 3. d3 g6 4. Nbd2 Bg7 5. Be2 Nf6 6. O-O O-O 7. h3 Nc6 8. Re1 Rb8 9. c3 b5 10. d4 b4 11. d5 Na5 12. c4 Nb7 13. Rb1 a5 14. Bd3 Ra8 15. e5 dxe5 16. Nxe5 Re8 17. Nc6 Qc7 18. Nf3 Nd6 19. Bf4 Bb7 20. Nfe5 Nd7 21. Qf3 Bxc6 22. Nxc6 Nf6 23. Re2 a4 24. Rbe1 Bf8 25. g4 Ra6 26. Qg3 Rxc6 27. dxc6 Rd8 28. Qf3 Rc8 29. Bc2 Qxc6 30. Qxc6 Rxc6 31. Bxa4 Ra6 32.
b3 Ra7 33. f3 Nxc4 34. Rc2 Nb6 35. Rxc5 Nxa4 36. bxa4 Rxa4 37. Rc8 Kg7 38. Be5 h6 39. h4 g5 40. f4 Kg6 41. Rxf8 Nxg4 42. f5+ Kxf5 43.
Rxf7+ Ke6 44. Rh7 Nxe5 45. Rxh6+ Kf5 46. Rxe5+ Kxe5 47. hxg5 Rxa2 48. Rh7 Ke6 49. g6 Ra5 50. Rh4 Rb5 51. Rg4 Rb8 52. g7 Kf7 53. Kf2 b3 0-1

[Event "Early-Titled-Tuesday-Blitz-October-17-2023"]
[Site "Chess.com"]
[Date "2023.10.17"]
[Round "10"]
[White "Irina_Mikhaylova"]
[Black "JoliyRoger"]
[Result "1-0"]
[WhiteElo "2325"]
[BlackElo "2439"]
[TimeControl "180+1"]
[EndTime "9:59:59 PDT"]
[Termination "Irina_Mikhaylova won on time"]

1. Nf3 Nf6 2. c4 c5 3. Nc3 e6 4. d4 cxd4 5. Nxd4 a6 6. e3 Bb4 7. Bd2 O-O 8. a3 Be7 9. Be2 Nc6 10. O-O Ne5 11. Nf3 Ng6 12. Bd3 Qc7 13. Rc1 Rb8 14. Ne4 Nxe4 15. Bxe4 d6 16. Bb4 Bd7 17. Qd3 Bc6 18.
Rfd1 Rfd8 19. Nd4 Bxe4 20. Qxe4 Rbc8 21. h3 d5 22. cxd5 Qxc1 23. Rxc1 Rxc1+ 24. Kh2 exd5 25. Qg4 Bf6 26. Bc3 h6 27. Qe2 Be5+ 28. f4 Bxd4 29.
Bxd4 Nf8 30. f5 Rc6 31. Qg4 f6 32. Qe2 Nd7 33. g4 Nc5 34. Kg3 Ne4+ 35. Kf4 Rc4 36. h4 Re8 37. g5 hxg5+ 38. hxg5 Nxg5 39. Kg4 Re4+ 40. Kh5 Re8 41. Kg6 Nf7 42. Qh5 Rxd4 43. Qh7+ Kf8 44. Qxg7+ Ke7 45. Qxf7+ Kd6 46. Qxf6+ Kc5 47.
Qxd4+ Kc6 48. f6 Re4 49. f7 1-0

[Event "Early-Titled-Tuesday-Blitz-October-17-2023"]
[Site "Chess.com"]
[Date "2023.10.17"]
[Round "10"]
[White "Flaccidmoves"]
[Black "ChesscularGodofchess"]
[Result "0-1"]
[WhiteElo "2408"]
[BlackElo "2239"]
[TimeControl "180+1"]
[EndTime "10:00:00 PDT"]
[Termination "ChesscularGodofchess won by checkmate"]

1. d4 d5 2. c4 c6 3. cxd5 cxd5 4.
Bg5 Nc6 5. Nc3 Nf6 6. Bxf6 gxf6 7. e3 a6 8. Bd3 Be6 9. Nge2 Qd7 10. Nf4 Rd8 11.
Na4 Bf5 12. Nc5 Qc8 13. Bxf5 Qxf5 14. Nxb7 Rb8 15. Qa4 Rxb7 16. Qxc6+ Qd7 17. Qxa6 e5 18.
Qa8+ Ke7 19. Nd3 Ra7 20. Qb8 Rb7 21. Nxe5 Rxb8 22. Nxd7 Kxd7 23. O-O-O Bd6 24. Kb1 Ba3 25. Rd2 Rb7 26. Rc1 Rhb8 27. Rcc2 f5 28. g3 h5 29.
h4 Bd6 30. Rd3 f4 31. exf4 Re8 32. Re3 Rxe3 33. fxe3 Ke6 34. Rc3 Rc7 35. Kc2 Rxc3+ 36. bxc3 Kf5 37. Kd3 Kg4 38. e4 dxe4+ 39. Kxe4 Kxg3 40.
f5 Kxh4 41. c4 Kg5 42. c5 Bf4 43. d5 h4 44. d6 h3 45. Kd5 h2 46. Kc6 h1=Q+ 47.
Kd7 Qb7+ 48. Ke8 Be5 49. a4 Qc6+ 50. Kxf7 Qxc5 51. d7 Qc7 52. Ke8 Bf6 53. a5 Qd8+ 54. Kf7 Qxd7+ 55. Kg8 Qxf5 56. a6 Qd7 57. Kf8 Qe7+ 58.
Kg8 Qg7# 0-1

[Event "Early-Titled-Tuesday-Blitz-October-17-2023"]
[Site "Chess.com"]
[Date "2023.10.17"]
[Round "10"]
[White "TregubovP"]
[Black "noblerone"]
[Result "1-0"]
[WhiteElo "2613"]
[BlackElo "2507"]
[TimeControl "180+1"]
[EndTime "10:00:01 PDT"]
[Termination "TregubovP won by resignation"]

1. e4 c5 2. Nf3 e6 3. c3 Nf6 4. e5 Nd5 5. d4 cxd4 6. cxd4 d6 7. Bc4 Be7 8. O-O Nc6 9. Qe2 dxe5 10. dxe5 Nb6 11. Rd1 Qc7 12. Bd3 Nb4 13. Be4 N4d5 14. Bg5 h6 15. Bxe7 Qxe7 16. Nc3 Nxc3 17. bxc3 Qc7 18.
Rac1 Bd7 19. c4 Bc6 20. Nd4 Bxe4 21. Qxe4 a6 22. c5 Nd5 23. Nf5 exf5 24. Qxd5 O-O 25. e6 fxe6 26. Qxe6+ Qf7 27. Qb6 Rac8 28. Rd6 Rfe8 29.
h3 Re7 30. a4 Rec7 31. c6 Kh7 32. Rc5 Rxc6 33. Rdxc6 Rxc6 34. Rxc6 bxc6 35. Qxc6 Qa7 36. a5 Kh8 37. Qc8+ Kh7 38. Qxf5+ Kg8 39. Qe6+ Kh8 40. Qb6 Qa8 41. f3 Qc8 42. f4 Qc1+ 43. Kf2 Qxf4+ 44.
Ke2 Qc4+ 45. Ke3 Qf1 46. Qd8+ Kh7 47. Qd3+ Qxd3+ 48. Kxd3 Kg6 49. Kd4 Kf5 50. Kc5 Kf4 51.
Kb6 Kg3 52. Kxa6 Kxg2 53. Kb6 g5 54. a6 Kxh3 55. a7 g4 56. a8=Q h5 57. Qh1+ Kg3 58. Qxh5 Kf2 59. Qxg4 1-0

[Event "Early-Titled-Tuesday-Blitz-October-17-2023"]
[Site "Chess.com"]
[Date "2023.10.17"]
[Round "10"]
[White "wonderfultime"]
[Black "chessfatbear"]
[Result "1/2-1/2"]
[WhiteElo "2973"]
[BlackElo "2816"]
[TimeControl "180+1"]
[EndTime "10:00:06 PDT"]
[Termination "Game drawn by repetition"]

1. d4 d5 2. Nf3 Nf6 3. Bf4 Bf5 4. c4 e6 5. Nc3 c6 6. Qb3 Qc8 7. e3 Be7 8. Rc1 O-O 9. Be2 Nbd7 10. h3 Ne4 11. O-O Ndf6 12. Rfd1 h6 13. Ne5 Nxc3 14. Rxc3 Ne4 15. Rcc1 Bh4 16. Nd3 Bg5 17. Bf1 Bxf4 18. Nxf4 Qd7 19. Bd3 Nd6 20. Bxf5 Nxf5 21. Qc2 Nd6 22. b3 Rfe8 23. Nd3 Qe7 24. Qe2 Ne4 25. Rc2 Rad8 26. b4 Nd6 27. c5 Nc4 28.
Ne5 Nxe5 29. dxe5 f6 30. exf6 Qxf6 31. e4 Rf8 32. b5 dxe4 33. Rxd8 Rxd8 34. Qxe4 Rd5 35.
bxc6 bxc6 36. g3 Qf5 37. Qxf5 exf5 38. Rc4 Kf7 39. Ra4 Rxc5 40. Rxa7+ Kf6 41. a4 Rc2 42. a5 Ra2 43. Kg2 Ra3 44. Kf1 Ra2 45. a6 c5 46.
Ra8 c4 47. a7 Kg6 48. Ke1 c3 49. Kd1 c2+ 50. Kc1 Kh7 51. f3 Kg6 52. h4 h5 53. Kd2 Kh7 54. f4 g6 55. Kc1 Kg7 56. Kd2 Kh7 57. Kc1 Kg7 58. Kd2 Kh7 1/2-1/2

[Event "Early-Titled-Tuesday-Blitz-October-17-2023"]
[Site "Chess.com"]
[Date "2023.10.17"]
[Round "10"]
[White "Ramosha"]
[Black "brm72"]
[Result "0-1"]
[WhiteElo "2623"]
[BlackElo "2556"]
[TimeControl "180+1"]
[EndTime "10:00:06 PDT"]
[Termination "brm72 won by checkmate"]

1. e4 c5 2. Nf3 d6 3. Bb5+ Nd7 4. d4 cxd4 5. Qxd4 a6 6. Bxd7+ Bxd7 7. c4 Nf6 8. Bg5 e6 9. Nc3 Bc6 10. O-O Be7 11.
Rfe1 O-O 12. Rad1 h6 13. Bxf6 Bxf6 14. Qxd6 Bxc3 15. bxc3 Qa5 16. Qb4 Qxa2 17. Rd2 Qa4 18. Ne5 Rfd8 19. Rb2 Rd1 20. Rb1 Rxb1 21. Qxb1 Rd8 22. f3 Rd2 23. h4 Qa3 24. Nxc6 bxc6 25. Qb8+ Kh7 26. Qf4 Qb2 27. Qg3 Qxc3 28. Rb1 a5 29. Rb7 Rd1+ 30. Kh2 Qa1 31. Qf2 Rh1+ 32. Kg3 Qe5+ 33. f4 Qxe4 34. Qf3 Qg6+ 35. Kf2 Rxh4 36.
Ra7 Qf6 37. Kg3 g5 38. fxg5 Qxg5+ 39. Kf2 Qc5+ 40. Kg3 Qxa7 41. Kxh4 Qd4+ 42. Kh3 Kg7 43. Qxc6 Qd3+ 44. g3 Qf1+ 45. Kg4 Qf5+ 46. Kh4 h5 47. g4 Qxg4# 0-1

[Event "Early-Titled-Tuesday-Blitz-October-17-2023"]
[Site "Chess.com"]
[Date "2023.10.17"]
[Round "10"]
[White "K_A_S_T_O_R"]
[Black "mishanick"]
[Result "1/2-1/2"]
[WhiteElo "2878"]
[BlackElo "3020"]
[TimeControl "180+1"]
[EndTime "10:00:09 PDT"]
[Termination "Game drawn by repetition"]

1. e4 e5 2. Nf3 d6 3. d4 Nf6 4. dxe5 Nxe4 5. Qd5 Nc5 6. Bg5 Qd7 7. exd6 Bxd6 8. Nc3 Qe6+ 9. Be3 Qxd5 10. Nxd5 Nba6 11. O-O-O Be6 12. Ng5 Bg4 13. f3 Bh5 14. Bf4 O-O-O 15. Bxa6 Nxa6 16. Bxd6 Rxd6 17. Ne7+ Kb8 18. Rxd6 cxd6 19.
g4 Bg6 20. Nxg6 fxg6 21. Re1 h6 22. Nf7 Rf8 23. Re7 Nc7 24. Nxd6 Rxf3 25. Rxg7 a6 26.
Rxg6 Rf1+ 27. Kd2 Rf2+ 28. Kd3 Rxh2 29. Rg8+ Ka7 30. Rg7 Kb8 31. a4 b6 32. b4 Rh3+ 33. Kc4 h5 34. g5 Rg3 35. Nf5 Rg4+ 36. Kb3 h4 37. g6 h3 38. Rh7 Rxg6 39. Rxh3 Rf6 40. Rh5 Kb7 41. c3 Kb8 42. Ne7 Kb7 43.
Rh7 Rd6 44. Nf5 Re6 45. Nd4 Rg6 46. b5 Kc8 47. Nc6 Rg3 48. Rh8+ Kd7 49. Rd8+ Ke6 50.
Nd4+ Ke7 51. Nc6+ Ke6 52. Rc8 Kd7 53. Rd8+ Ke6 1/2-1/2

[Event "Early-Titled-Tuesday-Blitz-October-17-2023"]
[Site "Chess.com"]
[Date "2023.10.17"]
[Round "10"]
[White "SAInt_666"]
[Black "Bauman_Guy"]
[Result "0-1"]
[WhiteElo "2772"]
[BlackElo "2862"]
[TimeControl "180+1"]
[EndTime "10:00:09 PDT"]
[Termination "Bauman_Guy won by resignation"]

1. e4 c5 2. Nf3 d6 3. Bb5+ Nd7 4. O-O a6 5. Bxd7+ Qxd7 6. c3 Nf6 7. Re1 e5 8. d4 Qc7 9. Bg5 Be7 10. h3 O-O 11. Nbd2 b5 12. Nf1 Bb7 13. Ng3 g6 14. Qd2 Rfe8 15. Rad1 Rad8 16. Nh2 a5 17. d5 Kh8 18.
f4 Ng8 19. Bxe7 Qxe7 20. f5 Bc8 21. Rf1 Qh4 22. Qf2 Rf8 23. Rd3 gxf5 24. exf5 Nf6 25.
Nf3 Qh6 26. Nd2 c4 27. Rf3 Nxd5 28. f6 Rg8 29. Nde4 Rg6 30. Qa7 Be6 31. Nxd6 Qf8 32.
Nde4 Nf4 33. Qc7 Rd5 34. Kh2 h5 35. R3f2 Qg8 36. Rxf4 exf4 37. Rxf4 Qd8 38. Qa7 Kg8 39.
Rh4 Re5 40. Qf2 Qd3 41. Rxh5 Rxh5 42. Nxh5 Qxe4 43. g4 Bxg4 44. Ng3 Qf3 45. Qd4 Qxf6 46. Qxf6 Rxf6 47. hxg4 Rf2+ 48. Kh3 Rxb2 0-1

[Event "Early-Titled-Tuesday-Blitz-October-17-2023"]
[Site "Chess.com"]
[Date "2023.10.17"]
[Round "10"]
[White "venturov"]
[Black "HanSchut"]
[Result "1-0"]
[WhiteElo "2459"]
[BlackElo "2325"]
[TimeControl "180+1"]
[EndTime "10:00:09 PDT"]
[Termination "venturov won on time"]

1. e4 c5 2. Nf3 d6 3. d4 cxd4 4. Nxd4 Nf6 5. Nc3 a6 6. h3 e6 7. g4 d5 8. exd5 Nxd5 9. Bg2 Bb4 10. Ne2 Nc6 11. O-O Bxc3 12. bxc3 h5 13. c4 Nde7 14. Bb2 Qxd1 15. Raxd1 hxg4 16. hxg4 e5 17. Bf3 Be6 18. Ng3 Bxc4 19. Rfe1 f6 20. g5 Kf7 21. Rd7 Rab8 22. Ba3 Rhe8 23. gxf6 gxf6 24. Bh5+ Ke6 25. Bxe8 Rxe8 26.
Rd6+ Kf7 27. Ne4 Nd4 28. Rxf6+ Kg7 29. c3 Nc2 30. Bxe7 Rxe7 31. Rc1 Bd3 32. Nc5 Kxf6 33.
Nxd3 Na3 34. Kf1 Nc4 35. Rb1 b5 36. Ke2 Rd7 37. f3 Rh7 38. Nf2 Rh2 39. Rd1 Ke6 40. Rd8 Nd6 41. Ra8 Kd5 42. Rxa6 Nf5 43. Rg6 Nd6 44.
Ke3 Nc4+ 45. Ke2 Nd6 46. Rg4 e4 47. fxe4+ Kc4 48. e5+ Kxc3 49. exd6 Rh6 50. Rg7 Kb2 51.
d7 Rd6 52. Ne4 Re6 53. Kd3 Rd6+ 54. Nxd6 1-0

[Event "Early-Titled-Tuesday-Blitz-October-17-2023"]
[Site "Chess.com"]
[Date "2023.10.17"]
[Round "10"]
[White "topin8"]
[Black "Nf3c5"]
[Result "0-1"]
[WhiteElo "2496"]
[BlackElo "2609"]
[TimeControl "180+1"]
[EndTime "10:00:10 PDT"]
[Termination "Nf3c5 won on time"]

1. e4 e5 2. Nf3 Nc6 3. Bb5 a6 4. Ba4 d6 5. O-O Bd7 6. c3 Nge7 7. d4 Ng6 8. Re1 Be7 9. Nbd2 O-O 10. Nf1 b5 11. Bb3 exd4 12. cxd4 Bg4 13. Be3 Na5 14.
Bc2 Nh4 15. b3 Bxf3 16. gxf3 Qd7 17. Bf4 Qh3 18. Ne3 Nxf3+ 19. Kh1 Nxe1 20. Qxe1 Qf3+ 21.
Ng2 Nc6 22. Rd1 Bf6 23. e5 dxe5 24. Be4 Qh3 25. dxe5 Nxe5 26. Bxa8 Rxa8 27. Qe4 Re8 28. Bxe5 Qh5 29. Re1 Qxe5 30. Qxe5 Rxe5 31. Rc1 c5 32. Ne3 h5 33. Kg2 g6 34. Kf3 Bg5 35. Rd1 Bxe3 36. fxe3 Rf5+ 37. Ke2 Rg5 38. Kf3 Rf5+ 39. Ke2 c4 40. bxc4 bxc4 41. Rc1 Ra5 42. h4 Rxa2+ 43. Kf3 Ra4 44. e4 a5 45. Kf4 Rb4 46. Ke5 a4 47.
Rd1 a3 48. Rd8+ Kg7 49. Kf4 Ra4 0-1

[Event "Early-Titled-Tuesday-Blitz-October-17-2023"]
[Site "Chess.com"]
[Date "2023.10.17"]
[Round "10"]
[White "Happy1712Drummer"]
[Black "DrCeltic"]
[Result "1-0"]
[WhiteElo "2393"]
[BlackElo "2534"]
[TimeControl "180+1"]
[EndTime "10:00:11 PDT"]
[Termination "Happy1712Drummer won by resignation"]

1. e4 c5 2. Nf3 e6 3. c3 Nf6 4. e5 Nd5 5. d4 cxd4 6. cxd4 b6 7.
Bc4 Ba6 8. Bxa6 Nxa6 9. O-O Be7 10. Bd2 O-O 11. Nc3 Nxc3 12. Bxc3 Nc7 13. Qd3 Nd5 14. Nd2 d6 15. Ne4 Rc8 16. Rac1 dxe5 17. dxe5 Nxc3 18. Rxc3 Qxd3 19. Rxd3 Rc2 20. Rd7 Bc5 21.
Nxc5 bxc5 22. Rxa7 g5 23. Rb7 Ra8 24. a3 Re2 25.
Rc1 Rxe5 26. g3 Rd8 27. Rb5 Rdd5 28. a4 h6 29. a5 c4 30. Rxd5 exd5 31. a6 Re7 32. Ra1 Ra7 33. Kf1 Kf8 34. Ra5 Ke7 35.
Ke2 d4 36. Ra4 c3 37. bxc3 dxc3 38. Kd3 Kd6 39. Kxc3 Kc5 40. Kd3 Kb5 41. Ra1 f5 42. Kd4 f4 43. gxf4 gxf4 44. Ke4 Kb6 45. Kxf4 Rf7+ 46.
Kg3 Ka7 47. f4 Rf6 48. h4 Rg6+ 49. Kf3 Re6 50. h5 Re7 51. f5 Re5 52. Kf4 Re2 53. f6 Rf2+ 54. Ke5 Ka8 55. Ke6 Rh2 56. f7 Rf2 57. Ke7 Re2+ 58. Kf6 Rf2+ 59. Kg7 Rg2+ 60. Kxh6 Rf2 61. Kg7 Rg2+ 62. Kf8 Rh2 63. Re1 Rxh5 64. Ke8 1-0

[Event "Early-Titled-Tuesday-Blitz-October-17-2023"]
[Site "Chess.com"]
[Date "2023.10.17"]
[Round "10"]
[White "jaskol95"]
[Black "Byniolus"]
[Result "0-1"]
[WhiteElo "2605"]
[BlackElo "2783"]
[TimeControl "180+1"]
[EndTime "10:00:14 PDT"]
[Termination "Byniolus won by resignation"]

1. e4 d6 2. d4 Nf6 3. Nc3 c6 4.
f4 Qb6 5. Nf3 Bg4 6. h3 Bxf3 7.
Qxf3 e6 8. Qd3 d5 9. e5 Nfd7 10. Be3 c5 11. Be2 Nc6 12. dxc5 Bxc5 13. Bxc5 Nxc5 14.
Qg3 Qxb2 15. Rb1 Qxc2 16. O-O Qg6 17. Qf2 b6 18. Nb5 O-O 19. Qe3 Rad8 20. Nd6 f5 21. g4 Ne4 22. Kh2 Nxd6 23. exd6 Rxd6 24. gxf5 Qxf5 25.
Bd3 Qf6 26. Rf2 Nd4 27. Rg1 g6 28. Qc1 Rd7 29. Qa3 Rg7 30. Qd6 Nf5 31. Qa3 Nh4 32. Rg3 e5 33. Qb3 Qf7 34. Rg4 Nf5 35. fxe5 Kh8 36.
Rgf4 Qe7 37. Qb2 Rgf7 38. e6+ Rf6 39. Bxf5 gxf5 40. Rxf5 Kg7 41. Rg2+ Kh8 42. Rgf2 Kg7 43. Qe5 d4 44. Rg5+ Kh8 45. Rgf5 Kg7 46. Rg2+ Kh8 47.
Qxd4 Qxe6 48. Rgf2 Kg7 49. Qg4+ Rg6 50. Rf7+ Rxf7 51.
Qxe6 Rxe6 52. Rg2+ Rg6 53. Re2 Rgf6 54. h4 Rf2+ 0-1

[Event "Early-Titled-Tuesday-Blitz-October-17-2023"]
[Site "Chess.com"]
[Date "2023.10.17"]
[Round "10"]
[White "maurovargas01"]
[Black "pinguino120"]
[Result "0-1"]
[WhiteElo "1920"]
[BlackElo "2212"]
[TimeControl "180+1"]
[EndTime "10:00:14 PDT"]
[Termination "pinguino120 won on time"]

1. e4 c5 2. Nc3 d6 3. f4 g6 4. Nf3 Bg7 5. Bb5+ Bd7 6. Bxd7+ Qxd7 7. d3 Nc6 8. O-O e6 9. Ne2 Nge7 10. c3 O-O 11. Qe1 d5 12. Qh4 dxe4 13. dxe4 f5 14. e5 h6 15. Be3 c4 16. a4 Nd5 17. Bc5 Rfe8 18. Qg3 Qf7 19. Nd2 b6 20. Bd6 Na5 21. Nd4 Bf8 22. Nb5 a6 23. Bxf8 Rxf8 24. Nd6 Qg7 25. N2xc4 Nxc4 26. Nxc4 b5 27. axb5 axb5 28. Rxa8 Rxa8 29. Nd6 Kh7 30. Nxb5 Rb8 31. c4 Nb4 32. Ra1 Rb7 33. Qf3 Qe7 34. Qxb7 Qxb7 35. Ra7 Qxa7+ 36. Nxa7 Nd3 37. Nb5 Kg7 38. g3 Nxb2 39. c5 Na4 40. c6 Nb6 41. Kf2 Kf8 42. Nd6 Na8 43.
c7 Nxc7 44. Ke3 Nd5+ 45. Kd4 Ke7 46. Kc5 Ne3 47. Nc8+ Kd7 48. Nd6 Nf1 49. Nf7 Nxh2 50. Nxh6 Nf1 51. g4 Ne3 52. gxf5 gxf5 53. Ng8 Ng2 54. Nf6+ Ke7 55. Nh5 Kf7 56. Kd4 Kg6 57.
Nf6 Nxf4 58. Kc5 Kf7 59. Kd6 Ng6 0-1

[Event "Early-Titled-Tuesday-Blitz-October-17-2023"]
[Site "Chess.com"]
[Date "2023.10.17"]
[Round "10"]
[White "LeRoidesChampions"]
[Black "AradNazari"]
[Result "0-1"]
[WhiteElo "2701"]
[BlackElo "2855"]
[TimeControl "180+1"]
[EndTime "10:00:15 PDT"]
[Termination "AradNazari won by checkmate"]

1. e4 c5 2. Nf3 d6 3. d4 cxd4 4. Nxd4 Nf6 5. Nc3 a6 6. Qf3 Nbd7 7. Be3 g6 8. h3 Bg7 9. O-O-O Ne5 10. Qg3 O-O 11. f4 Nc6 12. Be2 Qa5 13. Bf3 Nxd4 14.
Bxd4 Be6 15. a3 Rac8 16. Qf2 Nd7 17. g4 b5 18. Bxg7 Kxg7 19. f5 Bc4 20. g5 b4 21.
axb4 Qxb4 22. Qh4 Rb8 23. Rd4 Qxb2+ 24. Kd2 Bb3 25. Rc1 Rfc8 26. Qh6+ Kg8 27. Rd3 Bc4 28. Rxd6 Bb5 29. Nxb5 Qxb5 30. Rd5 Qb4+ 31. c3 Qb6 32. Rd4 Nc5 33. Bd1 Qb2+ 34. Rc2 Nb3+ 35. Ke3 Rxc3+ 36.
Rxc3 Qxc3+ 37. Rd3 Qe1+ 38. Kf4 Qf2+ 39. Kg4 Qg1+ 40.
Kf4 Nd4 41. Ke5 Nc6+ 42. Kd5 Nb4+ 43. Kc4 Rc8+ 44. Kxb4 Qc5+ 45. Ka4 Qb5+ 46. Ka3 Qxd3+ 47.
Bb3 Rb8 48. f6 Qxb3# 0-1

[Event "Early-Titled-Tuesday-Blitz-October-17-2023"]
[Site "Chess.com"]
[Date "2023.10.17"]
[Round "10"]
[White "GeorgiosSouleidis"]
[Black "ErikRonka"]
[Result "1-0"]
[WhiteElo "2623"]
[BlackElo "2503"]
[TimeControl "180+1"]
[EndTime "10:00:17 PDT"]
[Termination "GeorgiosSouleidis won by checkmate"]

1. e4 c5 2. Be2 e6 3. d3 d5 4. f4 Nc6 5. Nf3 Bd6 6. O-O Nge7 7. c3 O-O 8. g3 f6 9. Be3 b6 10. a3 Qc7 11. Nbd2 Bb7 12. Rc1 Rad8 13. b4 Kh8 14.
Qb3 Ba8 15. Rfe1 g5 16. e5 fxe5 17. Nxg5 exf4 18. Nxe6 Qd7 19. Nxf4 d4 20. cxd4 cxd4 21. Bf2 Bxf4 22. gxf4 Rg8+ 23. Bg3 Nf5 24. Ne4 Nce7 25.
Bf1 Nxg3 26. hxg3 Nf5 27. Bh3 Rdf8 28. Rc2 Qg7 29. Bxf5 Rxf5 30. Rg2 Qh6 31. Qb2 Rd8 32. Rc1 Rh5 33. Kf2 Rh2 34. Rc4 Rxg2+ 35. Kxg2 Qd6 36. Qc1 b5 37. Rc8 Bxe4+ 38. dxe4 Kg7 39. Rxd8 Qxd8 40.
Qd2 Qe7 41. Qxd4+ Kh6 42. Kf3 Qf7 43. e5 Qb3+ 44. Qe3 Qd5+ 45. Kg4 Kg7 46. e6 Kf8 47. f5 Ke7 48. Kg5 Qc4 49. Qxa7+ Kd6 50. Qd7+ Ke5 51.
Qg7+ Kd6 52. Qd7+ Ke5 53. e7 Qc1+ 54. Kg4 h6 55. e8=Q+ Kf6 56. Qee6# 1-0

[Event "Early-Titled-Tuesday-Blitz-October-17-2023"]
[Site "Chess.com"]
[Date "2023.10.17"]
[Round "10"]
[White "NowInChess"]
[Black "destruyeabuelitas"]
[Result "1-0"]
[WhiteElo "2229"]
[BlackElo "2340"]
[TimeControl "180+1"]
[EndTime "10:00:17 PDT"]
[Termination "NowInChess won by checkmate"]

1. e4 c6 2. d4 d5 3. exd5 cxd5 4. c4 Nf6 5. Nc3 Nc6 6. Bf4 e6 7. c5 Be7 8. Nf3 O-O 9. Bb5 a6 10. Bxc6 bxc6 11. Qa4 Bd7 12. h3 Ne4 13. O-O f5 14. Ne5 Qc8 15. Qc2 Bf6 16. Na4 Bxe5 17. Bxe5 Qb7 18.
Nb6 Rae8 19. f3 Nf6 20. Rfe1 h6 21. Re2 Bc8 22. Rae1 Nd7 23. Bd6 Rf6 24. Be5 Rf7 25.
Na4 Qb4 26. Qb3 Qb5 27. Nc3 Qa5 28. Qa4 Qxa4 29. Nxa4 Nxe5 30. Rxe5 Rb7 31. Nb6 Kf7 32. b3 Bd7 33. f4 Re7 34. Kf2 Re8 35. Kf3 Rc7 36. g4 g6 37. gxf5 gxf5 38. Rg1 Bc8 39. Re2 Rg8 40. Rxg8 Kxg8 41. Rg2+ Kf7 42. Kg3 Bb7 43.
Kh4 Re7 44. Kh5 Re8 45. Rg6 Rh8 46. Rxh6 Rg8 47. Rh7+ Rg7 48. Rxg7+ Kxg7 49. Kg5 a5 50. h4 Ba6 51. h5 Bd3 52. h6+ Kh7 53. a3 Bc2 54. b4 axb4 55. axb4 Bd3 56. Nd7 Bb5 57. Nf8+ Kh8 58. Nxe6 Ba4 59. Ng7 Bb5 60. Nxf5 Kh7 61.
Nd6 Ba4 62. f5 Kg8 63. f6 Kh7 64. f7 Bb5 65. f8=Q Bd3 66. Qg7# 1-0

[Event "Early-Titled-Tuesday-Blitz-October-17-2023"]
[Site "Chess.com"]
[Date "2023.10.17"]
[Round "10"]
[White "Dewarfd"]
[Black "emeli_chess"]
[Result "1/2-1/2"]
[WhiteElo "2211"]
[BlackElo "2399"]
[TimeControl "180+1"]
[EndTime "10:00:21 PDT"]
[Termination "Game drawn - insufficient material"]

1. d4 Nf6 2. e3 d5 3. Nf3 c5 4.
dxc5 e6 5. Be2 Bxc5 6. c4 O-O 7.
cxd5 exd5 8. O-O Nc6 9. a3 Qe7 10. b4 Bb6 11. Bb2 Rd8 12. Nc3 Bg4 13. h3 Bxf3 14. Bxf3 d4 15. exd4 Nxd4 16. Na4 Nxf3+ 17. Qxf3 Bd4 18. Bxd4 Rxd4 19. Rfe1 Re4 20. Rxe4 Qxe4 21. Qxe4 Nxe4 22. Re1 Nd6 23. Nc5 b6 24. Na6 Re8 25.
Rd1 Nc4 26. Rd7 Nxa3 27. Rxa7 Nc2 28. Nc7 Re1+ 29. Kh2 h5 30. h4 Re4 31. b5 Rxh4+ 32. Kg3 Rc4 33. Rb7 h4+ 34. Kh3 g5 35. Nd5 Rc5 36.
Nxb6 Rxb5 37. Rb8+ Kg7 38. Nd7 Rxb8 39. Nxb8 Kg6 40. g3 hxg3 41. Kxg3 f5 42. Nd7 Nd4 43.
Ne5+ Kf6 44. Nd7+ Ke6 45. Nc5+ Kd5 46. Nd3 Ke4 47. Nc5+ Kd5 48. Nd3 Ne6 49. Nb4+ Ke4 50.
f3+ Ke5 51. Nc6+ Kf6 52. Nb4 Nd4 53. Nd5+ Ke5 54. Ne7 Ne2+ 55. Kf2 Nf4 56. Nc6+ Kf6 57. Nd4 Ne6 58. Nc6 Nc5 59. Kg3 Nd3 60. Nd4 Ke5 61. Nc6+ Kd6 62. Nd4 Ke5 63. Nc6+ Kf6 64. Nd4 Ne5 65. f4 gxf4+ 66. Kxf4 Ng6+ 67. Kf3 Ke5 68. Nxf5 1/2-1/2